[Event "Team 45 45 League T56"]
[Site "Internet Chess Club"]
[Date "2013.02.24"]
[Round "1"]
[White "komakajiri"]
[Black "jjaillet2007"]
[Result "0-1"]
[WhiteElo "1297"]
[BlackElo "1423"]
[Opening "English: symmetrical variation"]
[ECO "A34"]
[Time "21:00:36"]
[TimeControl "2700+45"]

1. c4 c5 2. Nc3 e6 3. g3 d5 4. Bg2 Nf6 5. d3 Nc6 6. Bg5 h6 7. Bf4 d4 8. Nb5 e5
9. Bd2 a6 10. Na3 Bd6 11. e4 dxe3 12. Bxe3 Bg4 13. Nf3 O-O 14. Qb3 Na5 15. Qa4
Qb6 16. Qc2 Qd8 17. O-O Nc6 18. Nd2 Qd7 19. Ne4 Nxe4 20. dxe4 Bh3 21. Rfd1 Bxg2
22. Kxg2 Nd4 23. Qd3 Qg4 24. Bxd4 exd4 25. Qf3 Qxf3+ 26. Kxf3 f5 27. exf5 Rxf5+
28. Kg2 Raf8 29. Rd2 Kf7 30. Re1 Bc7 31. Rde2 Kg6 32. Re6+ R8f6 33. Rxf6+ Rxf6
34. Re7 Rf7 35. Re6+ Rf6 36. Re7 Rf7 37. Re6+ Kf5 38. Re8 d3 39. Re3 d2 40. Rd3
Ba5 41. Rd5+ Ke4 42. Nc2 Rf5 43. f3+ Rxf3 44. Kh3 Rd3 {White resigns} 0-1

[Event "Team 45 45 League T56"]
[Site "Internet Chess Club"]
[Date "2013.02.23"]
[Round "1"]
[White "Aquaman"]
[Black "Toalla"]
[Result "1/2-1/2"]
[WhiteElo "1316"]
[BlackElo "1403"]
[Opening "Nimzovich-Larsen attack: modern variation"]
[ECO "A01"]
[Time "14:02:37"]
[TimeControl "2700+45"]

1. b3 e5 2. Bb2 Nc6 3. e3 d6 4. g3 b6 5. Bg2 Bb7 6. Nf3 g6 7. O-O Bg7 8. c4 Nge7
9. d3 O-O 10. Nbd2 Qd7 11. Rb1 Nd8 12. e4 c5 13. Re1 Nec6 14. Nf1 Ne6 15. Ne3
Ncd4 16. Nxd4 cxd4 17. Nd5 Bxd5 18. cxd5 Nc5 19. Bc1 Rac8 20. a3 Qb5 21. Bf1 a5
22. a4 Nxa4 23. Bg5 Nc3 24. Qc2 Nxb1 25. Qxb1 f6 26. Bd2 Rc7 27. Qa2 Rfc8 28.
Qb1 Rc2 29. Rd1 Qd7 30. h4 Qg4 31. Bg2 Qe2 32. Bf1 Qf3 33. Be1 Bh6 34. Bg2 Qh5
35. Qa1 Rc1 36. Rxc1 Rxc1 37. Qa4 Rxe1+ 38. Kh2 g5 39. Bh3 g4 40. Bg2 Qf7 41.
Qc6 Qe7 42. Qxb6 Ra1 43. Qb8+ Kg7 44. Qc8 Qf7 45. Qxg4+ Kf8 46. Qc8+ Qe8 47. Qf5
Qf7 48. Qc8+ Kg7 49. Qg4+ Kh8 50. Qc8+ Qg8 51. Qc6 Qb8 52. Bh3 Bf8 53. Bf5 Qd8
54. Qc2 Kg7 55. Qe2 Qc7 56. Qg4+ Kh8 57. Be6 Qg7 58. Qe2 a4 59. bxa4 Rxa4 60.
Qc2 h6 61. Qxa4 Qc7 62. Qc6 Qe7 63. Qd7 Kg7 64. Qxe7+ Bxe7 65. Kh3 h5 66. g4 Kg6
67. gxh5+ Kxh5 68. Bf5 Bf8 69. Bg4+ Kh6 70. h5 Kg5 {Game drawn by mutual
agreement} 1/2-1/2

[Event "Team 45 45 League T56"]
[Site "Internet Chess Club"]
[Date "2013.02.24"]
[Round "1"]
[White "ILRE"]
[Black "drsigmund1"]
[Result "1-0"]
[WhiteElo "1605"]
[BlackElo "1622"]
[Opening "English opening"]
[ECO "A10"]
[Time "13:00:39"]
[TimeControl "2700+45"]

1. c4 b6 2. Nc3 Bb7 3. e4 e6 4. Nge2 c5 5. g3 d5 6. cxd5 exd5 7. Bg2 d4 8. Nd5
Nf6 9. Nxf6+ Qxf6 10. d3 Nc6 11. O-O Bd6 12. Qa4 Rc8 13. Nf4 O-O 14. Nd5 Qd8 15.
Bf4 Bxf4 16. Nxf4 Ra8 17. Qd1 Ne5 18. h3 Ba6 19. Kh2 g5 20. Nd5 Bxd3 21. Re1 Bc4
22. Qh5 Ng6 23. b3 Bb5 24. e5 Kg7 25. Nf6 Rh8 26. Bxa8 Qxa8 27. Qxg5 Qf3 28.
Nh5+ Kf8 29. Qd8+ Be8 30. Qd6+ Kg8 31. Nf6+ Kg7 32. Nxe8+ Rxe8 33. Qf6+ Qxf6 34.
exf6+ Kf8 35. Rxe8+ Kxe8 36. Re1+ Kd7 37. Kg2 Kd6 38. Kf3 Kd5 39. Re8 Ne5+ 40.
Ke2 Ke4 41. f4 d3+ 42. Kd2 b5 43. Rxe5+ Kd4 44. Re7 c4 45. bxc4 bxc4 46. Rd7+
Ke4 47. Rxf7 Kf3 {Black resigns} 1-0

[Event "Team 45 45 League T56"]
[Site "Internet Chess Club"]
[Date "2013.02.23"]
[Round "1"]
[White "SirIvanhoe"]
[Black "Gilguli"]
[Result "0-1"]
[WhiteElo "1495"]
[BlackElo "1365"]
[Opening "Bishop's opening: Berlin defense"]
[ECO "C24"]
[Time "13:02:50"]
[TimeControl "2700+45"]

1. e4 e5 2. Bc4 Nf6 3. d3 Nc6 4. Nc3 Na5 5. Nf3 Nxc4 6. dxc4 Bb4 7. Bd2 d6 8.
Qe2 a6 9. Nd5 Bc5 10. Nxf6+ gxf6 11. Be3 Bxe3 12. Qxe3 Be6 13. b3 Qe7 14. O-O-O
O-O-O 15. Qa7 c5 16. Qb6 Rhg8 17. Ne1 Qc7 18. Qxc7+ Kxc7 19. f3 f5 20. exf5 Bxf5
21. g4 Be6 22. h3 h5 23. Ng2 hxg4 24. hxg4 f5 25. gxf5 Bxf5 26. Ne3 Be6 27. Nd5+
Bxd5 28. cxd5 Rd7 29. Rhf1 Rf7 30. Rde1 Rf4 31. Re4 Rgf8 32. Rxf4 Rxf4 33. c4 a5
34. Kd2 a4 35. Ke3 b5 36. Rc1 Kb6 37. Rc2 Ka5 38. cxb5 Kxb5 39. a3 axb3 40. Rb2
Ka4 41. Rb1 c4 42. Rh1 b2 43. Rh6 b1=Q 44. Rxd6 Qc1+ 45. Ke2 Qb2+ 46. Ke1 Qc1+
47. Ke2 Qc2+ 48. Ke1 Rh4 49. Ra6+ Kb5 {White resigns} 0-1

[Event "Team 45 45 League T56"]
[Site "Internet Chess Club"]
[Date "2013.02.22"]
[Round "1"]
[White "Asmodean"]
[Black "SeniorCitizen"]
[Result "1-0"]
[WhiteElo "1323"]
[BlackElo "1291"]
[Opening "French: classical, Steinitz variation"]
[ECO "C14"]
[Time "13:30:18"]
[TimeControl "2700+45"]

1. e4 e6 2. d4 d5 3. Nc3 Nf6 4. Bg5 Be7 5. e5 Nfd7 6. Bxe7 Qxe7 7. f4 Nc6 8. Nf3
Qb4 9. Rb1 O-O 10. a3 Qe7 11. Bd3 f6 12. O-O a6 13. b4 b5 14. Na2 Nb6 15. c3 Nc4
16. Bxc4 bxc4 17. Nh4 f5 18. Qh5 Qf7 19. Qxf7+ Rxf7 20. h3 Na7 21. g4 Bd7 22.
Rfe1 fxg4 23. hxg4 Rxf4 24. Ng2 Rxg4 25. Rf1 Rf8 26. Rxf8+ Kxf8 27. Rf1+ Kg8 28.
Nc1 Rg3 29. Ne2 Rh3 30. Ngf4 Rh4 31. Kf2 Nb5 32. Kg3 Rh6 33. a4 Na3 34. a5 Nb5
35. Kg4 Be8 36. Re1 Bg6 37. Nxe6 Bd3 38. Rf1 g6 39. Rf8# {Black checkmated} 1-0

[Event "Team 45 45 League T56"]
[Site "Internet Chess Club"]
[Date "2013.02.21"]
[Round "1"]
[White "lawth3"]
[Black "semperfi"]
[Result "1-0"]
[WhiteElo "1298"]
[BlackElo "1349"]
[Opening "QGD: Ragozin variation"]
[ECO "D38"]
[Time "16:59:36"]
[TimeControl "2700+45"]

1. d4 Nf6 2. c4 e6 3. Nf3 d5 4. Nc3 Bb4 5. Qc2 c5 6. a3 Qa5 7. Bd2 Nc6 8. Qa4
Bxc3 9. Qxa5 Nxa5 10. Bxc3 cxd4 11. Bxa5 b6 12. Bd2 dxc4 13. Nxd4 Bd7 14. Rc1 b5
15. b3 cxb3 16. Nxb3 O-O 17. f3 Rac8 18. Rxc8 Rxc8 19. e4 Rc2 20. Nd4 Rb2 21. g4
Rb1+ 22. Ke2 e5 23. Nf5 Rb2 24. Bh3 Be6 25. Rc1 Bc4+ 26. Ke1 Nd7 27. Nd6 Nb6 28.
a4 Rb3 29. a5 Nd7 30. Nxc4 Rxf3 31. Nxe5 Rxh3 32. Nxd7 g6 33. Rc8+ Kg7 34. g5 h6
35. gxh6+ Kh7 36. Nf6# {Black checkmated} 1-0

[Event "Team 45 45 League T56"]
[Site "Internet Chess Club"]
[Date "2013.02.24"]
[Round "1"]
[White "IshanR"]
[Black "Sir-Sinister"]
[Result "1/2-1/2"]
[WhiteElo "1801"]
[BlackElo "1982"]
[Opening "Sicilian: Alapin's variation (2.c3)"]
[ECO "B22"]
[Time "08:30:28"]
[TimeControl "2700+45"]

1. e4 c5 2. c3 Nf6 3. e5 Nd5 4. d4 cxd4 5. cxd4 Nc6 6. Nf3 d6 7. Nc3 dxe5 8.
Nxe5 Nxc3 9. Nxc6 Nxd1 10. Nxd8 Nxb2 11. Nxf7 Kxf7 12. Bxb2 Be6 13. Bd3 Bd5 14.
f3 g6 15. Be4 e6 16. Kf2 Rc8 17. Rac1 Bh6 18. Bxd5 Bxc1 19. Bxe6+ Kf6 20. Bxc8
Bxb2 21. Bxb7 Bxd4+ 22. Kg3 Rb8 23. Rb1 Bb6 24. Be4 {Game drawn by mutual
agreement} 1/2-1/2

[Event "Team 45 45 League T56"]
[Site "Internet Chess Club"]
[Date "2013.02.22"]
[Round "1"]
[White "Inquisiteur"]
[Black "Magagna"]
[Result "0-1"]
[WhiteElo "1619"]
[BlackElo "1839"]
[Opening "French: Rubinstein variation"]
[ECO "C03"]
[Time "18:56:03"]
[TimeControl "2700+45"]

1. e4 e6 2. d4 d5 3. Nd2 dxe4 4. Nxe4 Nd7 5. Nf3 Ngf6 6. Ng3 Be7 7. c4 O-O 8.
Be2 b6 9. Bd2 Bb7 10. Bc3 c5 11. O-O Rc8 12. a3 Qc7 13. Rc1 Rfd8 14. Qc2 a5 15.
Rfd1 Nf8 16. Ne5 Bd6 17. f4 Ng6 18. Nh5 cxd4 19. Bxd4 Nxh5 20. Bxh5 Nxe5 21.
Bxe5 Bxe5 22. fxe5 Qxe5 23. Rxd8+ Rxd8 24. Rd1 Rd4 25. Rxd4 Qe1# {White
checkmated} 0-1

[Event "Team 45 45 League T56"]
[Site "Internet Chess Club"]
[Date "2013.02.21"]
[Round "1"]
[White "CzwartyWymiar"]
[Black "NimzoMal"]
[Result "1/2-1/2"]
[WhiteElo "1761"]
[BlackElo "1673"]
[Opening "French: Alapin variation"]
[ECO "C01"]
[Time "15:01:08"]
[TimeControl "2700+45"]

1. e4 e6 2. d4 d5 3. Be3 dxe4 4. Nd2 Nf6 5. f3 exf3 6. Ngxf3 Be7 7. c3 O-O 8.
Bd3 Bd7 9. O-O h6 10. Qe1 Nc6 11. Qg3 Bd6 12. Ne5 Bxe5 13. dxe5 Nh5 14. Qh3 Nxe5
15. Bc2 Nf6 16. Bxh6 gxh6 17. Qxh6 Ng6 18. Rad1 Qe7 19. Nf3 Rfd8 20. Ng5 Be8 21.
Rde1 Qf8 22. Qxf8+ Nxf8 23. Rxf6 Rd2 24. Rf2 {Game drawn by mutual agreement}
1/2-1/2

[Event "Team 45 45 League T56"]
[Site "Internet Chess Club"]
[Date "2013.02.22"]
[Round "1"]
[White "SirIvanhoe"]
[Black "knightstormala"]
[Result "1/2-1/2"]
[WhiteElo "1519"]
[BlackElo "1777"]
[Opening "Sicilian: closed, 6.Be3"]
[ECO "B26"]
[Time "19:00:44"]
[TimeControl "2700+45"]

1. e4 c5 2. Nc3 Nc6 3. g3 g6 4. Bg2 Bg7 5. d3 d6 6. Be3 Rb8 7. Qd2 Nf6 8. h3 O-O
9. Bh6 b5 10. Bxg7 Kxg7 11. Nge2 Nd4 12. O-O Bxh3 13. Nxd4 Bxg2 14. Kxg2 cxd4
15. Ne2 e5 16. f3 h5 17. Rh1 Rh8 18. Rh4 Qd7 19. Rah1 Rh7 20. g4 Rbh8 21. g5 Ne8
22. f4 f5 23. Ng3 Qc6 24. Rc1 fxe4 25. Nxe4 Rf8 26. Rf1 Nc7 27. a3 Nd5 28. Kg3
Ne3 29. Rf2 Nf5+ 30. Kh3 Nxh4 31. Kxh4 Kh8 32. fxe5 Rxf2 33. Qxf2 Qc8 34. Qg3
Qg4+ 35. Qxg4 hxg4+ 36. Kxg4 dxe5 37. Nd6 Rc7 38. Nxb5 Rxc2 39. Nxa7 Rxb2 40.
Kf3 Rb3 41. Ke4 Rxa3 42. Nc6 Ra2 43. Nxe5 Rg2 44. Nxg6+ Kg7 45. Ne5 Rxg5 46.
Kxd4 Kf6 47. Nd7+ Ke6 48. Nc5+ Ke7 49. Ne4 Rg1 50. Ke5 Rd1 51. d4 Rxd4 52. Kxd4
{Game drawn because neither player has mating material} 1/2-1/2

[Event "Team 45 45 League T56"]
[Site "Internet Chess Club"]
[Date "2013.02.26"]
[Round "1"]
[White "Philly-Boy"]
[Black "kidviper"]
[Result "0-1"]
[WhiteElo "1822"]
[BlackElo "1993"]
[Opening "Nimzo-Indian: 4.e3 c5"]
[ECO "E41"]
[Time "15:17:59"]
[TimeControl "2700+45"]

1. d4 Nf6 2. c4 e6 3. Nc3 Bb4 4. e3 c5 5. Bd3 O-O 6. Ne2 b6 7. O-O Bb7 8. Qc2
Nc6 9. a3 Bxc3 10. Qxc3 cxd4 11. exd4 h6 12. Bf4 d5 13. b3 Rc8 14. Qd2 dxc4 15.
bxc4 Na5 16. Qc3 Nd5 {White resigns} 0-1

[Event "Team 45 45 League T56"]
[Site "Internet Chess Club"]
[Date "2013.02.22"]
[Round "1"]
[White "hewdondada"]
[Black "FourKnights"]
[Result "1/2-1/2"]
[WhiteElo "1776"]
[BlackElo "1759"]
[Opening "Trompowsky attack (Ruth, Opocenský opening)"]
[ECO "A45"]
[Time "18:00:49"]
[TimeControl "2700+45"]

1. d4 Nf6 2. Bg5 d5 3. Bxf6 exf6 4. c4 c6 5. Nc3 Be6 6. cxd5 cxd5 7. Nf3 Qb6 8.
Qd2 Nc6 9. e3 Be7 10. Be2 O-O 11. O-O Rac8 12. a3 Na5 13. Na4 Qd8 14. Bd1 Nc4
15. Qe2 Bg4 16. b4 Bxf3 17. gxf3 b6 18. Bb3 Qd7 {Game drawn by mutual agreement}
1/2-1/2

[Event "Team 45 45 League T56"]
[Site "Internet Chess Club"]
[Date "2013.02.25"]
[Round "1"]
[White "pishd"]
[Black "kidcobra"]
[Result "1-0"]
[WhiteElo "1794"]
[BlackElo "1729"]
[Opening "Queen's pawn game, Darooha variation "]
[ECO "D02"]
[Time "14:09:05"]
[TimeControl "2700+45"]

1. d4 d5 2. Nf3 Nf6 3. c4 e6 4. cxd5 exd5 5. Nc3 Bb4 6. Qa4+ Nc6 7. Ne5 Bxc3+ 8.
bxc3 Bd7 9. Nxd7 Qxd7 10. Ba3 Ne4 11. Rc1 Nd6 12. e3 O-O 13. Bd3 Rfe8 14. O-O
Ne4 15. Qc2 Nf6 16. c4 dxc4 17. Qxc4 Qd5 18. Be2 Qxc4 19. Rxc4 Rad8 20. Bf3 Ne4
21. Bxe4 Rxe4 22. Rb1 Ree8 23. Rc2 a6 24. Kf1 Rb8 25. d5 Na7 26. Bc5 Nb5 27. a4
Nd6 28. Ke2 h6 29. f3 Re5 30. Bxd6 cxd6 31. e4 f5 32. Kd3 fxe4+ 33. fxe4 Re7 34.
a5 Kf7 35. Rb6 Rd7 36. Rcb2 Kf6 37. Rxa6 bxa6 38. Rxb8 Ke5 39. Rf8 g6 40. g3 Rb7
41. Re8+ Kf6 42. Re6+ Kf7 43. Rxd6 Rb2 44. Kd4 Rxh2 45. Ke5 Rg2 46. Rd7+ Ke8 47.
Ke6 Rxg3 48. Rh7 Rf3 49. d6 Rf8 50. Ra7 Rf6+ 51. Kxf6 Kd8 52. Kxg6 Kc8 53. Kxh6
Kb8 54. Rc7 Ka8 55. e5 Kb8 56. e6 Ka8 57. e7 Kb8 58. e8=Q# {Black checkmated}
1-0

[Event "Team 45 45 League T56"]
[Site "Internet Chess Club"]
[Date "2013.02.22"]
[Round "1"]
[White "Innes"]
[Black "Buford-Julep"]
[Result "1-0"]
[WhiteElo "1562"]
[BlackElo "1695"]
[Opening "French: exchange variation"]
[ECO "C01"]
[Time "14:00:40"]
[TimeControl "2700+45"]

1. e4 e6 2. d4 d5 3. exd5 exd5 4. Bd3 Bd6 5. Nc3 c6 6. Qf3 Qf6 7. Be3 Nd7 8.
O-O-O Ne7 9. Qxf6 Nxf6 10. h3 h6 11. g4 h5 12. g5 Nh7 13. Re1 Bf5 14. Be2 Nf8
15. h4 O-O-O 16. Nf3 Neg6 17. Bd3 Bxd3 18. cxd3 Nd7 19. Kc2 Rde8 20. Re2 Re7 21.
Rhe1 Rhe8 22. a3 Kd8 23. b4 a5 24. Kb3 axb4 25. axb4 Bf4 26. b5 Nb6 27. Ne5 Bxe3
28. Nxg6 fxg6 29. fxe3 Nc8 30. Kb4 Nd6 31. Kc5 Nf5 32. bxc6 bxc6 33. e4 dxe4 34.
Rxe4 Rxe4 35. dxe4 Nxh4 36. Ra1 Nf3 37. Kd6 {Black resigns} 1-0

[Event "Team 45 45 League T56"]
[Site "Internet Chess Club"]
[Date "2013.02.23"]
[Round "1"]
[White "LazyPeon"]
[Black "Packerfan"]
[Result "0-1"]
[WhiteElo "1756"]
[BlackElo "1896"]
[Opening "Budapest: Fajarowicz variation"]
[ECO "A51"]
[Time "16:00:41"]
[TimeControl "2700+45"]

1. d4 Nf6 2. c4 e5 3. dxe5 Ne4 4. a3 d6 5. Nf3 Nc6 6. Qc2 Bf5 7. Nc3 Nxf2 8.
Qxf5 Nxh1 9. Bg5 Be7 10. O-O-O Nf2 11. Rd2 Bxg5 12. Nxg5 Nxe5 13. e4 Nfg4 14. c5
Qf6 15. Qxf6 gxf6 16. Nf3 Ne3 17. Bb5+ c6 18. Ba4 N3c4 19. Rd1 dxc5 20. Nh4 Rd8
21. Rf1 Nd3+ {White resigns} 0-1

[Event "Team 45 45 League T56"]
[Site "Internet Chess Club"]
[Date "2013.02.24"]
[Round "1"]
[White "amicusUK"]
[Black "pauliewoll"]
[Result "0-1"]
[WhiteElo "1633"]
[BlackElo "1551"]
[Opening "QGD: Ragozin variation"]
[ECO "D38"]
[Time "10:00:38"]
[TimeControl "2700+45"]

1. d4 Nf6 2. Nf3 d5 3. c4 e6 4. Nc3 Bb4 5. Bd2 dxc4 6. e3 O-O 7. Bxc4 Nbd7 8.
Ne4 Bxd2+ 9. Nexd2 c5 10. Rc1 cxd4 11. Nxd4 Nb6 12. Bd3 e5 13. Ne4 exd4 14. Ng5
dxe3 15. f4 Bg4 16. Qc2 Rc8 17. Qb1 Qxd3 {White resigns} 0-1

[Event "Team 45 45 League T56"]
[Site "Internet Chess Club"]
[Date "2013.02.28"]
[Round "1"]
[White "nosir"]
[Black "stanbeers"]
[Result "0-1"]
[WhiteElo "1450"]
[BlackElo "1523"]
[Opening "French defense"]
[ECO "A04"]
[Time "20:02:30"]
[TimeControl "2700+45"]

1. Nf3 e6 2. e4 Nf6 3. e5 Nd5 4. d4 Nc6 5. c3 d6 6. Bb5 dxe5 7. Nxe5 Bd7 8. Nd2
Nxe5 9. dxe5 Bxb5 10. c4 Bc6 11. cxd5 Bxd5 12. O-O Qg5 13. Nf3 Qd8 14. b3 Be7
15. Bb2 O-O 16. Rc1 b6 17. Qe2 c5 18. Rfd1 Qb8 19. Qe3 Qb7 20. Ne1 f5 21. f4
Rac8 22. Rc3 c4 23. Qh3 cxb3 24. axb3 Rxc3 25. Qxc3 Rc8 26. Qh3 Bc5+ 27. Kh1 Qf7
28. Rc1 Qd7 29. Nd3 Be4 30. Nxc5 Rxc5 31. Qh5 Rxc1+ 32. Bxc1 g6 33. Qe2 Qd5 34.
b4 Qc6 35. Bd2 b5 36. Kg1 a6 37. Be3 Qd5 38. Bb6 Bd3 39. Qf2 Qb3 40. Qe1 Bc4 41.
Ba5 Qd3 42. g3 Qf3 43. Qf2 Qd1+ 44. Kg2 Qd5+ 45. Kg1 Qd1+ 46. Kg2 Bd5+ {White
resigns} 0-1

[Event "Team 45 45 League T56"]
[Site "Internet Chess Club"]
[Date "2013.02.24"]
[Round "1"]
[White "AVEMARIA"]
[Black "crazyhorses"]
[Result "0-1"]
[WhiteElo "1651"]
[BlackElo "1403"]
[Opening "Sicilian: Alapin's variation (2.c3)"]
[ECO "B22"]
[Time "13:01:03"]
[TimeControl "2700+45"]

1. e4 c5 2. c3 d5 3. exd5 Qxd5 4. d4 Nc6 5. Nf3 e5 6. dxe5 Qxd1+ 7. Kxd1 Bg4 8.
Be2 O-O-O+ 9. Ke1 Nge7 10. Bf4 Ng6 11. Bg3 Bxf3 12. gxf3 Ncxe5 13. f4 Nd3+ 14.
Bxd3 Rxd3 15. Ke2 Rd8 16. Na3 Bd6 17. Kf3 f5 18. Rad1 h5 19. Nc4 Bb8 20. h4 Rhe8
21. Rhe1 Rxd1 22. Rxe8+ Rd8 23. Rxd8+ Kxd8 24. Ne5 Nf8 25. Ke2 Nh7 26. Kd3 Nf6
27. Kc4 Ne4 28. Kd5 Ke7 29. Nd3 Nf6+ 30. Kxc5 Bd6+ 31. Kd4 Ne4 32. c4 b6 33. b4
Kd7 34. c5 bxc5+ 35. Nxc5+ Bxc5+ 36. bxc5 Kc6 37. Ke5 g6 38. Ke6 Kxc5 39. Bh2
Kb4 40. f3 Nc3 41. Bg1 a5 42. Kf7 Nxa2 43. Kxg6 Nc3 44. Kxf5 a4 45. Bd4 a3 46.
Bxc3+ Kxc3 47. Kg6 a2 48. f5 a1=Q 49. f6 Qb1+ 50. Kxh5 Qf5+ 51. Kh6 Qxf6+ {White
resigns} 0-1

[Event "Team 45 45 League T56"]
[Site "Internet Chess Club"]
[Date "2013.02.24"]
[Round "1"]
[White "nursey"]
[Black "tightfist"]
[Result "1-0"]
[WhiteElo "1668"]
[BlackElo "1617"]
[Opening "French defense"]
[ECO "C01"]
[Time "16:39:37"]
[TimeControl "2700+45"]

1. e4 e6 2. d4 c5 3. Nc3 cxd4 4. Qxd4 Nc6 5. Qe3 Nf6 6. h3 Bb4 7. e5 Nd5 8. Qg3
Bxc3+ 9. bxc3 Qc7 10. Nf3 Qa5 11. Bd2 Rg8 12. Bd3 g6 13. c4 Ndb4 14. O-O Qc7 15.
Rfb1 Nxd3 16. cxd3 b6 17. d4 Ba6 18. Rc1 Ne7 19. c5 bxc5 20. Rxc5 Qb8 21. Rac1
Nc6 22. Bg5 Qb2 23. R5c2 Qb4 24. Qh4 h5 25. Bd2 Qe7 26. Qxe7+ Kxe7 27. Bg5+ Ke8
28. a3 Rb8 29. Bf6 Rb3 30. Ra1 Bd3 31. Rd2 Rb1+ 32. Rxb1 Bxb1 33. Rb2 Bd3 34.
Rb7 Ba6 35. Rc7 g5 36. Bxg5 Rg6 37. Bf6 Ne7 38. Rxa7 Bc8 39. Ra8 Rxf6 40. exf6
Kd8 41. fxe7+ Kxe7 42. Rxc8 d6 43. Rh8 Kf6 44. Rxh5 Kg6 45. Rh8 Kf6 46. a4 e5
47. Rh6+ Kf5 48. dxe5 dxe5 49. g4+ Kf4 50. Rf6+ Ke4 51. Rxf7 {Black resigns} 1-0

[Event "Team 45 45 League T56"]
[Site "Internet Chess Club"]
[Date "2013.02.24"]
[Round "1"]
[White "alexping"]
[Black "fledermaus"]
[Result "1/2-1/2"]
[WhiteElo "1952"]
[BlackElo "1942"]
[Opening "QGD: Cambridge Springs defense, Capablanca variation"]
[ECO "D52"]
[Time "10:35:35"]
[TimeControl "2700+45"]

1. d4 d5 2. c4 e6 3. Nf3 Nf6 4. Nc3 Nbd7 5. Bg5 c6 6. e3 Qa5 7. Bxf6 Nxf6 8. Nd2
Bd6 9. c5 Bb8 10. a3 e5 11. b4 Qd8 12. dxe5 Bxe5 13. Rc1 O-O 14. Be2 Re8 15. Nf3
Bc7 16. Nd4 Bd7 17. O-O Qe7 18. Bf3 Qe5 19. g3 Rad8 20. Qe2 Ne4 21. Rfe1 f5 22.
Bg2 Rf8 23. f4 Nxc3 24. Rxc3 Qf6 25. h4 Rde8 26. Kf2 Re7 27. Qd2 Rfe8 28. Rb1 h6
29. Bf3 g5 30. hxg5 hxg5 31. Rg1 Rh7 32. Rh1 Rxh1 33. Bxh1 Re7 34. Rc1 Be8 35.
Bf3 Rh7 36. Rh1 Rxh1 37. Bxh1 gxf4 38. exf4 Bh5 39. Qd3 Bg4 40. Bf3 Kg7 41. Bxg4
fxg4 42. Nf5+ Kf8 43. Ne3 Qb2+ 44. Qe2 Qxa3 45. Qxg4 Qb2+ 46. Kf3 Qf6 47. Qc8+
Qd8 48. Qf5+ Kg7 49. Qg4+ Kf8 50. Qf5+ Kg7 51. Qg4+ Kf8 {Game drawn by mutual
agreement} 1/2-1/2

[Event "Team 45 45 League T56"]
[Site "Internet Chess Club"]
[Date "2013.02.23"]
[Round "1"]
[White "jonesey"]
[Black "bshribharath"]
[Result "0-1"]
[WhiteElo "1839"]
[BlackElo "1874"]
[Opening "Robatsch (modern) defense"]
[ECO "B06"]
[Time "04:18:06"]
[TimeControl "2700+45"]

1. e4 g6 2. Nf3 Bg7 3. d4 Nf6 4. e5 Nd5 5. c4 Nb6 6. Be2 d6 7. exd6 cxd6 8. O-O
Nc6 9. Nc3 O-O 10. Be3 d5 11. c5 Nc4 12. Bxc4 dxc4 13. d5 Nb4 14. a3 Bxc3 15.
axb4 Bxb2 16. Bd4 c3 17. Qb3 Bg4 18. Ne5 Be2 19. Rfe1 Bxa1 20. Rxa1 f6 21. Re1
fxe5 22. d6+ Rf7 {White resigns} 0-1

[Event "Team 45 45 League T56"]
[Site "Internet Chess Club"]
[Date "2013.02.23"]
[Round "1"]
[White "Beetlejuice"]
[Black "gcl"]
[Result "1-0"]
[WhiteElo "1748"]
[BlackElo "1628"]
[Opening "QGD Slav: 4.e3"]
[ECO "D11"]
[Time "09:00:48"]
[TimeControl "2700+45"]

1. d4 d5 2. c4 c6 3. Nf3 Nf6 4. e3 e6 5. b3 Nbd7 6. Bd3 Bd6 7. Bb2 O-O 8. O-O b6
9. Nbd2 Bb7 10. Ne5 c5 11. cxd5 exd5 12. Rc1 Re8 13. Ndf3 Qe7 14. Nxd7 Qxd7 15.
dxc5 bxc5 16. Bxf6 gxf6 17. Nh4 Re5 18. Nf5 Rxf5 19. Qg4+ Kf8 20. Bxf5 Qc6 21.
Bxh7 Ke7 22. h3 Rh8 23. Bf5 Qe8 24. b4 Rg8 25. Qd1 c4 26. Qd4 Rg5 27. e4 Qg8 28.
g4 dxe4 29. Rfd1 Qb8 30. Bxe4 Bxe4 31. Qxe4+ Re5 32. Qd4 Re2 33. Re1 Bh2+ 34.
Kf1 Rxe1+ 35. Rxe1+ Kf8 36. Qxf6 Kg8 37. Re7 Qf8 38. Rd7 Qe8 39. Rd8 {Black
resigns} 1-0

[Event "Team 45 45 League T56"]
[Site "Internet Chess Club"]
[Date "2013.02.25"]
[Round "1"]
[White "calily"]
[Black "qs16"]
[Result "0-1"]
[WhiteElo "1790"]
[BlackElo "1801"]
[Opening "Queen's Indian: old main line, 9.Qxc3"]
[ECO "E19"]
[Time "14:00:39"]
[TimeControl "2700+45"]

1. Nf3 Nf6 2. g3 b6 3. Bg2 Bb7 4. O-O e6 5. d4 Be7 6. c4 O-O 7. Nc3 Ne4 8. Qc2
Nxc3 9. Qxc3 d5 10. cxd5 Bxd5 11. Bf4 c5 12. dxc5 Bxc5 13. Rfd1 Qe7 14. a3 Rc8
15. e3 Nd7 16. Rac1 h6 17. g4 Nf6 18. Ne5 Bxg2 19. Kxg2 Nd5 20. Qc4 g5 21. Bg3
Kg7 22. e4 Bxf2 23. Qxc8 Rxc8 24. Rxc8 Bxg3 25. Nc4 Bf4 26. exd5 exd5 {White
resigns} 0-1

[Event "Team 45 45 League T56"]
[Site "Internet Chess Club"]
[Date "2013.02.26"]
[Round "1"]
[White "rook9999"]
[Black "Freitac"]
[Result "0-1"]
[WhiteElo "1809"]
[BlackElo "1830"]
[Opening "Caro-Kann: classical, Flohr variation"]
[ECO "B18"]
[Time "17:07:37"]
[TimeControl "2700+45"]

1. e4 c6 2. d4 d5 3. Nc3 dxe4 4. Nxe4 Bf5 5. Ng3 Bg6 6. Nh3 e6 7. Nf4 Bd6 8. Bc4
Nf6 9. h4 Qc7 10. Nge2 Nh5 11. Nxg6 hxg6 12. Be3 Nd7 13. Qd2 Nb6 14. Bb3 Nd5 15.
Bxd5 cxd5 16. O-O-O Nf6 17. f3 Rc8 18. Bf4 Bxf4 19. Nxf4 Qc4 20. Kb1 b5 21. g4
Rc7 22. c3 a5 23. Nd3 Nd7 24. Rc1 Kd8 25. f4 Kc8 26. Qc2 Kb8 27. Nc5 Nxc5 28.
dxc5 Rxc5 29. Qf2 Rhc8 30. Qe3 Qe4+ 31. Qxe4 dxe4 32. Rce1 f5 33. g5 e5 34. fxe5
Rxe5 35. h5 gxh5 36. Rxh5 f4 37. Rh4 Rf8 38. Kc2 f3 39. Kd2 e3+ 40. Kc2 f2 41.
Rf1 {White resigns} 0-1

[Event "Team 45 45 League T56"]
[Site "Internet Chess Club"]
[Date "2013.02.24"]
[Round "1"]
[White "bahamapapa"]
[Black "divy7"]
[Result "1/2-1/2"]
[WhiteElo "1771"]
[BlackElo "1685"]
[Opening "Queen's pawn game"]
[ECO "E00"]
[Time "10:30:28"]
[TimeControl "2700+45"]

1. d4 Nf6 2. c4 e6 3. a3 d5 4. cxd5 Nxd5 5. e4 Nb6 6. Nf3 c5 7. Bb5+ Bd7 8.
Bxd7+ Qxd7 9. O-O Nc6 10. dxc5 Bxc5 11. Qc2 Be7 12. Rd1 Qc7 13. b4 Rc8 14. Bb2
O-O 15. Qc3 Bf6 16. Qb3 Bxb2 17. Qxb2 Nc4 18. Qb3 N6e5 19. Nbd2 Nxf3+ 20. Nxf3
Ne5 21. Nxe5 Qxe5 22. f3 Qc7 23. Qe3 b6 24. Rac1 Qb7 25. h4 Rfd8 26. h5 h6 27.
g4 Rxd1+ 28. Rxd1 Qc7 29. Kg2 Rd8 30. Rc1 Qd7 31. Kh3 Qd3 32. Re1 Qxe3 33. Rxe3
Kf8 34. Rc3 Ke7 35. Kg3 Kd7 36. f4 Rc8 37. Rxc8 Kxc8 38. g5 Kd7 39. gxh6 gxh6
40. Kf3 Kc6 41. a4 f6 42. Ke3 a6 43. Kd4 Kd6 44. Kc4 Kc6 45. b5+ axb5+ 46. axb5+
Kd7 47. f5 exf5 48. exf5 Kc7 49. Kd5 Kd7 50. Ke4 Ke7 51. Kd5 Kd7 52. Ke4 Ke7 53.
Kd5 Kd7 {Game drawn by repetition} 1/2-1/2

[Event "Team 45 45 League T56"]
[Site "Internet Chess Club"]
[Date "2013.02.24"]
[Round "1"]
[White "zigzag2002"]
[Black "WillC"]
[Result "0-1"]
[WhiteElo "1905"]
[BlackElo "1771"]
[Opening "French: Tarrasch, closed variation"]
[ECO "C05"]
[Time "13:01:46"]
[TimeControl "2700+45"]

1. e4 e6 2. d4 d5 3. Nd2 Nf6 4. e5 Nfd7 5. Bd3 c5 6. c3 Nc6 7. Ne2 Be7 8. O-O
O-O 9. Nf3 f6 10. exf6 Nxf6 11. Re1 Qc7 12. Ng3 Bd6 13. Ng5 e5 14. Nh5 e4 15.
Nxf6+ Rxf6 16. Bc2 Bxh2+ 17. Kf1 h6 18. dxc5 Qe5 19. Nf3 Rxf3 20. gxf3 Bh3+ 21.
Ke2 exf3+ 22. Kd2 Bf4+ 23. Re3 Bxe3+ 24. fxe3 f2 25. Bd3 Rf8 26. Bf1 Bxf1 27.
Qxf1 Qe4 28. b3 Ne5 29. Ba3 Nf3+ 30. Kd1 Qxe3 31. Bc1 Qe1+ {White resigns} 0-1